 Dungeon Sprint DCSS version 0.21.1-1-g345015f (webtiles) character file.

204 wilfster70 the Cudgeler (level 5, -8/36 HPs)
             Began as a Gargoyle Fighter on May 11, 2018.
             Was an Initiate of Okawaru.
             Mangled by a two-headed ogre
             ... wielding a +0 giant club
              (11 damage)
             ... in the Dungeon (Sprint IX: "|||||||||||||||||||||||||||||").
             The game lasted 00:02:05 (405 turns).

wilfster70 the Cudgeler (Gargoyle Fighter)           Turns: 405, Time: 00:02:06

Health: -8/36      AC: 16    Str: 20    XL:     5   Next: 82%
Magic:  5/5        EV:  7    Int:  9    God:    Okawaru [......]
Gold:   0          SH: 10    Dex:  9    Spells: 4/4 levels left

rFire    . . .     SeeInvis .   p - +7 captain's cutlass {speed, disarm}
rCold    . . .     Gourm    .   c - +0 shield
rNeg     + . .     Faith    .   q - +1 chain mail
rPois    ∞         Spirit   .   a - +0 helmet
rElec    +         Reflect  .   (no cloak)
rCorr    .         Harm     .   (no gloves)
MR       .....     NoTele   +   (no boots)
Stlth    ..........             (no amulet)
HPRegen  0.12/turn              (no ring)
MPRegen  0.09/turn              (no ring)

@: no status effects
A: negative energy resistance 1, electricity resistance, unbreathing,
petrification resistance, rot immunity, AC +4
a: Renounce Religion


You were in the Dungeon.
You worshipped Okawaru.
Okawaru was noncommittal.
You were not hungry.

You visited 1 branch

Inventory:

Hand Weapons
 p - the +7 captain's cutlass (weapon) {speed, disarm}
   (You found it in the Dungeon)

   Attacks with this weapon are significantly faster.
Armour
 a - a +0 helmet (worn)
 c - a +0 shield (worn)
 q - a +1 chain mail (worn)
Magical Staves
 o - an uncursed staff of energy
Jewellery
 b - a +3 ring of intelligence
 r - a +3 ring of intelligence
Wands
 n - a wand of acid (10)
Scrolls
 k - 2 scrolls of blinking
 l - 3 scrolls of remove curse
 m - 2 scrolls of amnesia
Potions
 d - a potion of invisibility
 e - 5 potions of curing
 g - 3 potions of heal wounds
 h - a potion of haste
 i - 4 potions of magic
 j - a potion of berserk rage
Comestibles
 f - a ration


   Skills:
 + Level 6.1 Fighting
   Level 6.6 Maces & Flails
 + Level 6.2 Armour
 * Level 3.6 Dodging
 + Level 6.3 Shields


You had 4 spell levels left.
You didn't know any spells.

Dungeon Overview and Level Annotations

Branches:
Dungeon (1/1)

Altars:
Cheibriados
Dithmenos
Elyvilon
Fedhas
Gozag
Hepliaklqana
Kikubaaqudgha
Makhleb
Nemelex Xobeh
Okawaru
Qazlal
Ru
Sif Muna
Trog
Uskayaw
Vehumet
Wu Jian
Xom
Yredelemnul
Zin
The Shining One
Beogh
Jiyva
Lugonu


Innate Abilities, Weirdness & Mutations

You are resistant to torment.
Your stone body is resilient. (AC +4)
You are immune to poison.
You resist negative energy. (rN+)
You are resistant to electric shocks. (rElec)
You can survive without breathing.
You are immune to petrification.
You are immune to rotting.


Message History

An orc, 2 centaurs, a two-headed ogre, a shadow imp and a howler monkey come into view.
The centaur shouts! x2; The howler monkey howls!
The shadow imp shouts, "Get thee hence, thou gorbellied shard-borne reprobate!"
The two-headed ogre shouts in stereo!
The orc shouts!
You puncture the orc!
You kill the orc!
Okawaru accepts your kill.
The howler monkey hoots and howls with incredible vigour!
You hear a bellow!
You hear a loud, deep croak!
You hear a bark!
You closely miss the two-headed ogre.
The two-headed ogre hits you with a giant club!!
Ouch! That really hurt!
The two-headed ogre hits you with a giant club!
* * * LOW HITPOINT WARNING * * *
You hit the two-headed ogre.
The two-headed ogre is lightly wounded.
You puncture the two-headed ogre!
The two-headed ogre is moderately wounded.
The two-headed ogre hits you with a giant club!
You die...

▓.▓
▓.▓
▓c▓
▓c▓
▓h▓
▓5▓
▓O▓
▓@▓
▓.▓
▓[▓
▓[▓
▓.▓
▓)▓
▓.▓
▓.▓
▓.▓


You could see a two-headed ogre, 2 centaurs, a howler monkey and a shadow imp.

Vanquished Creatures
  An ice beast (D)
  A centaur (D)
  A worker ant (D)
  A leopard gecko (D)
  2 orcs (D)
  A hobgoblin (D)
  A kobold (D)
  A ball python (D)
  A frilled lizard (D)
  A rat (D)
11 creatures vanquished.

Notes
Turn   | Place    | Note
-------+----------+-------------------------------------------
     0 | D        | wilfster70 the Gargoyle Fighter began the quest for the Orb.
     0 | D        | Reached XP level 1. HP: 14/14 MP: 1/1
   122 | D        | Noticed an ice beast
   122 | D        | Noticed a worker ant
   122 | D        | Noticed a centaur
   126 | D        | Killed a centaur
   126 | D        | Reached skill level 5 in Fighting
   126 | D        | Reached skill level 5 in Armour
   126 | D        | Reached skill level 5 in Shields
   126 | D        | Reached XP level 2. HP: 10/21 MP: 2/2
   126 | D        | Reached XP level 3. HP: 13/26 MP: 3/3
   126 | D        | Reached XP level 4. HP: 16/31 MP: 4/4
   135 | D        | Reached skill level 5 in Maces & Flails
   139 | D        | Killed an ice beast
   139 | D        | Reached XP level 5. HP: 13/36 MP: 5/5
   330 | D        | Found a roughly hewn altar of Beogh.
   330 | D        | Found a snail-covered altar of Cheibriados.
   330 | D        | Found a shadowy altar of Dithmenos.
   330 | D        | Found a white marble altar of Elyvilon.
   330 | D        | Found a blossoming altar of Fedhas.
   330 | D        | Found an opulent altar of Gozag.
   331 | D        | Found a hazy altar of Hepliaklqana.
   332 | D        | Found a viscous altar of Jiyva.
   333 | D        | Found an ancient bone altar of Kikubaaqudgha.
   334 | D        | Found a corrupted altar of Lugonu.
   335 | D        | Found a burning altar of Makhleb.
   336 | D        | Found a sparkling altar of Nemelex Xobeh.
   337 | D        | Found an iron altar of Okawaru.
   338 | D        | Found a stormy altar of Qazlal.
   339 | D        | Found a sacrificial altar of Ru.
   340 | D        | Found a deep blue altar of Sif Muna.
   341 | D        | Found a bloodstained altar of Trog.
   342 | D        | Found a hide-covered altar of Uskayaw.
   343 | D        | Found a radiant altar of Vehumet.
   344 | D        | Found an ornate altar of the Wu Jian Council.
   345 | D        | Became a worshipper of Warmaster Okawaru
   346 | D        | Found a shimmering altar of Xom.
   347 | D        | Found a basalt altar of Yredelemnul.
   348 | D        | Found a glowing silver altar of Zin.
   349 | D        | Found a glowing golden altar of the Shining One.
   366 | D        | Found the +7 captain's cutlass {speed, disarm}
   401 | D        | Noticed a centaur
   401 | D        | Noticed a centaur
   401 | D        | Noticed a two-headed ogre
   405 | D        | Mangled by a two-headed ogre

Skill      XL: |  1  2  3  4 |
---------------+-------------+-----
Fighting       | 5 6 |  6.1
Maces & Flails | 4 6 |  6.6
Armour         | 5 6 |  6.2
Dodging        | 2 3 |  3.6
Shields        | 5 6 |  6.3

Action                   |  1- 3 |  4- 6 || total
-------------------------+-------+-------++-------
Melee: Flail             |    24 |    13 ||    37
       Cutlass           |       |     4 ||     4
  Use: Potion            |     1 |       ||     1
Armor: Scale mail        |    10 |     1 ||    11
Dodge: Dodged            |     6 |     4 ||    10
Block: Shield            |    12 |     7 ||    19
